 Dungeon Crawl Stone Soup version 0.23.0-42-geed6394 (webtiles) character file.

Game seed: 12024532651238553609

155 DarkinPup the Slasher (level 5, 0/40 HPs)
             Began as a Demonspawn Gladiator on Mar 1, 2019.
             Succumbed to a kobold's poison
             ... on level 3 of the Dungeon.
             The game lasted 00:04:44 (2403 turns).

DarkinPup the Slasher (Demonspawn Gladiator)        Turns: 2403, Time: 00:04:45

Health: 0/40       AC: 12    Str: 20    XL:     5   Next: 14%
Magic:  5/5        EV: 21    Int: 10    God:
Gold:   58         SH:  0    Dex: 14    Spells: 4/4 levels left

rFire    . . .     SeeInvis .   (weapon currently unavailable)
rCold    . . .     Gourm    .   (shield currently unavailable)
rNeg     + + +     Faith    .   (armour currently unavailable)
rPois    +         Spirit   .   (helmet currently unavailable)
rElec    .         Reflect  .   (cloak currently unavailable)
rCorr    .         Harm     .   (gloves currently unavailable)
MR       .....                  (boots currently unavailable)
Stlth    +.........             (no amulet)
HPRegen  0.13/turn              (no ring)
MPRegen  0.09/turn              (no ring)

@: mighty, lethally poisoned (0 -> -1), fungus-form, hasted, very quick
A: tiny, powered by death 1
a: no special abilities


You were on level 3 of the Dungeon.
You were very hungry.
You were a sentient fungus.
You visited 1 branch of the dungeon, and saw 3 of its levels.

You collected 58 gold pieces.

Inventory:

Hand Weapons
 a - a +0 long sword (melded)
Missiles
 d - 4 throwing nets (quivered)
Armour
 g - a +1 hat (melded)
 j - a +2 cloak (melded)
 o - a +0 ring mail (melded)
Scrolls
 c - a scroll of magic mapping {unknown}
 e - a scroll of identify {unknown}
 k - a scroll of remove curse {unknown}
Comestibles
 f - 2 rations


   Skills:
 + Level 2.9 Fighting
 * Level 4.0 Long Blades
 - Level 1.7 Throwing
 + Level 1.7 Armour
 + Level 3.3 Dodging


You had 4 spell levels left.
You didn't know any spells.
Your spell library was empty.

Dungeon Overview and Level Annotations

Branches:
Dungeon (3/15)

Altars:


Innate Abilities, Weirdness & Mutations

((You are partially covered in iridescent scales. (AC +2)))
You regenerate a little health from kills.


Message History

Your +0 long sword unmelds from your body.
Your +2 cloak unmelds from your body.
Your +1 hat unmelds from your body.
Your +0 ring mail unmelds from your body.
It was a potion of might.
You feel very mighty all of a sudden.
It was a potion of haste.
You feel yourself speed up.
* * * LOW HITPOINT WARNING * * *
You feel sick.
Aiming: Polymorph
Press: ? - help, Shift-Dir - straight line, f - you You turn into a sentient fungus.
Your +0 long sword melds into your body.
Your +2 cloak melds into your body.
Your +1 hat melds into your body.
Your +0 ring mail melds into your body.
Aiming: Polymorph
Press: ? - help, Shift-Dir - straight line, f - you Nothing appears to happen.
The now-empty wand crumbles to dust.
* * * LOW HITPOINT WARNING * * *
You feel sick.
You die...

#......#
######......#
...##......#
#..##.....
#######(##....
###.....#.....##
...........((.(##
#..........<(...#
#......f.!..(((.#
#..........()...#
#...............#
#.......).......#
................#
..$.............#
###...........#...#
..>.(....$....##..
#..####.(....#......


There were no monsters in sight!

Vanquished Creatures
  A worker ant (D:2)
  3 gnolls (D:2)
  4 adders (D:2)
  An ooze (D:2)
  A worm (D:2)
  2 leopard geckos (D:1)
  9 bats
  2 giant cockroaches
  4 goblins
  7 hobgoblins
  5 jackals
  4 frilled lizards
  11 kobolds
  4 rats
58 creatures vanquished.

Notes
Turn   | Place    | Note
-------+----------+-------------------------------------------
     0 | D:1      | DarkinPup the Demonspawn Gladiator began the quest for the
                  | Orb.
     0 | D:1      | Reached XP level 1. HP: 16/16 MP: 1/1
   133 | D:1      | Gained mutation: You are partially covered in iridescent
                  | scales. (AC +2) [demonic ancestry]
   133 | D:1      | Reached XP level 2. HP: 13/22 MP: 2/2
   137 | D:1      | Reached skill level 3 in Long Blades
   964 | D:1      | Reached XP level 3. HP: 27/28 MP: 3/3
  1118 | D:2      | Reached skill level 1 in Armour
  1262 | D:2      | Reached XP level 4. HP: 33/34 MP: 4/4
  2016 | D:2      | Reached skill level 4 in Long Blades
  2016 | D:2      | Gained mutation: You regenerate a little health from kills.
                  | [demonic ancestry]
  2016 | D:2      | Reached XP level 5. HP: 7/40 MP: 5/5
  2064 | D:2      | HP: 2/40 [poisoned by a worker ant]
  2386 | D:3      | HP: 2/40 [poisoned by a kobold]
  2392 | D:3      | HP: 1/40 [poisoned by a kobold]
  2397 | D:3      | HP: 1/40 [poisoned by a kobold]
  2403 | D:3      | Succumbed to a kobold's poison

Skill      XL: |  1  2  3  4 |
---------------+-------------+-----
Long Blades    | 3 4 |  4.0
Dodging        | 3 |  3.3
Armour         | 1 |  1.7
Fighting       | |  2.9
Throwing       | |  1.7

Action                   |  1- 3 |  4- 6 || total
-------------------------+-------+-------++-------
Melee: Long sword        |   111 |    58 ||   169
       Unarmed           |       |     4 ||     4
Evoke: Wand              |       |     5 ||     5
  Use: Potion            |       |     3 ||     3
 Stab: Sleeping          |     1 |       ||     1
  Eat: Chunk             |     1 |     3 ||     4
Armor: Leather armour    |    37 |    13 ||    50
       Ring mail         |       |    18 ||    18
Dodge: Dodged            |    98 |    75 ||   173
       Rpst.: Long sword |    36 |    22 ||    58
